 Dungeon Crawl Stone Soup version 0.27.1-33-g824d729ab1 (webtiles) character file.

Game seed: 1921946050008292062

55 zeram the Poker (level 3, 0/29 HPs)
             Began as a Merfolk Fighter on Dec 14, 2021.
             Slain by an orc priest (4 damage)
             ... on level 3 of the Dungeon.
             The game lasted 00:02:03 (1585 turns).

zeram the Poker (Merfolk Fighter)                   Turns: 1585, Time: 00:02:03

Health: 0/29       AC:  7    Str: 16    XL:     3   Next: 93%
Magic:  3/3        EV:  7    Int:  8    God:
Gold:   104        SH:  9    Dex: 13    Spells: 2/2 levels left

rFire    . . .     SeeInvis .   a - +1 trident
rCold    . . .     Faith    .   c - +0 kite shield
rNeg     . . .     Spirit   .   b - +0 scale mail
rPois    +         Reflect  .   (no helmet)
rElec    .         Harm     .   (no cloak)
rCorr    .         Rampage  .   m - +0 pair of gloves
Will     .....                  (no boots)
Stlth    ..........             (no amulet)
HPRegen  0.09/turn              i - ring of poison resistance
MPRegen  0.08/turn              (no ring)

@: no status effects
A: (nimble swimmer 2), mertail
a: no special abilities


You were on level 3 of the Dungeon.
You visited 1 branch of the dungeon, and saw 3 of its levels.

You collected 104 gold pieces.

Inventory:

Hand Weapons
 a - a +1 trident (weapon)
Missiles
 h - 5 atropa-tipped darts (quivered)
Armour
 b - a +0 scale mail (worn)
 c - a +0 kite shield (worn)
 m - a +0 pair of gloves (worn)
Jewellery
 i - a ring of poison resistance (left hand)
Scrolls
 g - 3 scrolls of teleportation
Potions
 d - a potion of might
 j - a potion of curing {unknown}
 k - 2 potions of heal wounds {unknown}


   Skills:
 - Level 3.2 Fighting
 + Level 4.2 Polearms
 - Level 2.1 Armour
 + Level 1.4 Dodging
 + Level 4.0 Shields


You had 2 spell levels left.
You didn't know any spells.
Your spell library was empty.

Dungeon Overview and Level Annotations

Branches:
Dungeon (3/15)

Altars:


Innate Abilities, Weirdness & Mutations

((You are quick and stealthy near water. (Stealth+, EV+, Speed+++)))
Your lower body shifts to a powerful aquatic tail in water.


Message History

The endoplasm freezes you.
You are frozen.
You hit the endoplasm.
You kill the endoplasm!
A ball python comes into view.
The ball python hisses angrily.
A rat comes into view.
An orc priest comes into view. It is wielding a +0 whip.
The orc priest shouts!
You hear a shout!
You reach to attack!
You closely miss the ball python. You hit the ball python.
You kill the ball python!
The rat bites you but does no damage.
You hit the rat but do no damage. You block the rat's attack.
You closely miss the rat. The rat bites you but does no damage.
You hit the rat.
You kill the rat!
The orc priest mumbles some strange prayers to Beogh against you.
Pain shoots through your body!
You reach to attack!
You hit the orc priest.
The orc priest is moderately wounded.
You hit the orc priest.
The orc priest is heavily wounded.
The orc priest hits you but does no damage.
You barely miss the orc priest.
The orc priest is heavily wounded.
The orc priest mumbles some strange prayers to Beogh against you.
Beogh smites you!
* * * LOW HITPOINT WARNING * * *
You are too injured to fight recklessly!
You are too injured to fight recklessly!
You are too injured to fight recklessly!
An orc priest is nearby!
An orc priest is nearby!
You closely miss the orc priest.
The orc priest is heavily wounded.
The orc priest hits you with a +0 whip.
* * * LOW HITPOINT WARNING * * *
The orc priest hits you with a +0 whip.
You die...

# # ####### ..
##.#.#.# ...
#....... ....
#########.##+##
..... #.........# #
......####......)#.+
+
......o@...........#
#
......####.......#.#
# .....
#######........ ....
###.#.#.# ...
..##... .. ...... .
##...


You could see an orc priest.

Vanquished Creatures
  2 dart slugs
  5 ball pythons
  4 bats
  4 endoplasms
  A giant cockroach (D:2)
  5 goblins
  3 hobgoblins
  6 jackals
  4 quokkas
  3 frilled lizards
  6 rats
43 creatures vanquished.

Notes
Turn   | Place    | Note
-------+----------+-------------------------------------------
     0 | D:1      | zeram the Merfolk Fighter began the quest for the Orb.
     0 | D:1      | Reached XP level 1. HP: 18/18 MP: 1/1
    73 | D:1      | Reached XP level 2. HP: 18/24 MP: 2/2
   249 | D:1      | Found a faded altar of an unknown god.
   572 | D:1      | Reached XP level 3. HP: 29/29 MP: 3/3
   796 | D:2      | Reached skill level 1 in Dodging
  1585 | D:3      | Slain by an orc priest

Illustrated notes

Levels and vault maps discovered:
D:1:      tarquinn_simple_flora_water_a, layout_loops_ring,
          hellmonk_ecumenical_altar_heavens_door
D:2:      layout_basic
D:3:      kennysheep_slugbush, layout_rooms, kennysheep_okawaru_gauntlet,
          minmay_misc_feat_doors, uniq_sigmund, uniq_terence

Skill      XL: |  1  2  3 |
---------------+----------+-----
Dodging        | 1 |  1.4
Polearms       | 4 |  4.2
Shields        | 4 |  4.0
Fighting       | |  3.2
Armour         | |  2.1

Action                   || total
-------------------------++-------
Melee: Trident           ||   117
  Use: Scroll            ||     4
Armor: Scale mail        ||    44
Dodge: Dodged            ||    36
Block: Kite shield       ||    57
